 Dungeon Crawl Stone Soup version 0.30-a0-29-g142975f185 (webtiles) character file.

Game seed: 4539725282715216965

227055 sanka the Seer (level 18, -11/148 HPs)
             Began as a Gnoll Conjurer on Aug 24, 2022.
             Was a Believer of Ashenzari.
             Shot with a bolt by a yaktaur captain (24 damage)
             ... on level 1 of the Vaults on Aug 26, 2022.
             The game lasted 02:11:17 (56976 turns).

sanka the Seer (Gnoll Conjurer)                    Turns: 56976, Time: 02:11:18

Health: -11/148    AC: 21    Str: 17    XL:     18   Next: 91%
Magic:  3/37       EV: 17    Int: 38    God:    Ashenzari [**....]
Gold:   4353       SH:  7    Dex: 12    Spells: 16/48 levels left

rFire   + + +      SeeInvis +    b - +4 dagger (drain)
rCold   . . .      Faith    .    X - +0 buckler
rNeg    . . .      Spirit   .    I - +2 robe {Will+}
rPois   +          Reflect  .    o - +2 helmet {Int+3}
rElec   +          Harm     .    q - +2 cloak of Ashenzari's Sybil {Int+6 Stlth-, Self, Elem} (curse)
rCorr   +          Rampage  .    s - +0 pair of gloves "Gudadghaf" {Drain rElec rPois rF+++}
Will    ++...                    z - +2 pair of boots of the Eye in the Sky {Self, Elem} (curse)
Stlth   ++++......               Z - amulet of Ashenzari's Disgust {Regen+, Bglg, Melee} (curse)
HPRegen 1.14/turn                W - ring "Shattered Yoke" {AC+4, Elem, Evo} (curse)
MPRegen 0.25/turn                n - ring "Jyrriz" {rCorr Str+9 Int+6}

@: no status effects
A: fangs 1, strong nose, distributed training
}: 2/15 runes: decaying, gossamer
a: Renounce Religion, Curse Item, Shatter the Chains


You were on level 1 of the Vaults.
You worshipped Ashenzari.
Ashenzari was pleased with you.
You visited 7 branches of the dungeon, and saw 32 of its levels.
You also visited: Ossuary, Bailey, Gauntlet and Volcano.

You collected 5837 gold pieces.
You spent 1484 gold pieces at shops.


Innate Abilities, Weirdness & Mutations

You have very sharp teeth.
Your uncanny sense of smell can sniff out nearby items.
Your experience applies equally to all skills.


   Skills:
 + Level 13.1(14.9) Fighting
 + Level 13.1(14.2) Short Blades
 + Level 13.1(14.2) Long Blades
 + Level 13.1(14.2) Axes
 + Level 13.1(14.2) Maces & Flails
 + Level 13.1(14.2) Polearms
 + Level 13.1(14.2) Staves
 + Level 13.1 Ranged Weapons
 + Level 13.1 Throwing
 + Level 13.1 Armour
 + Level 13.8 Dodging
 + Level 13.7 Stealth
 + Level 13.1 Shields
 + Level 13.1(14.2) Unarmed Combat
 + Level 14.0(15.8) Spellcasting
 + Level 13.1(14.2) Conjurations
 + Level 11.1(12.3) Hexes
 + Level 11.1 Summonings
 + Level 11.1 Necromancy
 + Level 11.1(12.3) Translocations
 + Level 11.1 Transmutations
 + Level 11.1(13.6) Fire Magic
 + Level 11.1(13.6) Ice Magic
 + Level 11.1(13.6) Air Magic
 + Level 11.1(13.6) Earth Magic
 + Level 11.1 Poison Magic
 + Level 14.2 Invocations
 + Level 13.1(14.2) Evocations


You had 16 spell levels left.
You knew the following spells:

 Your Spells              Type           Power      Damage    Failure   Level
c - Iron Shot             Conj/Erth      47%        9d9       1%          6
v - Orb of Destruction    Conj           47%        9d12      3%          7
x - Searing Ray           Conj           100%       2d8       0%          2
y - Storm Form            Tmut/Air       44%        N/A       7%          7
z - Magic Dart            Conj           100%       1d8       0%          1
X - Freezing Cloud        Conj/Ice/Air   47%        6-21      1%          5
Z - Fulminant Prism       Conj/Hex       46%        3d21      1%          4

Your spell library contained the following spells:

 Spells                   Type           Power      Damage    Failure   Level
 Beastly Appendage        Tmut           100%       N/A       0%          1
 Foxfire                  Conj/Fire      100%       2x1d9     0%          1
 Necrotise                Necr           100%       1d9       0%          1
 Summon Small Mammal      Summ           100%       N/A       0%          1
 Blink                    Tloc           100%       N/A       0%          2
 Dazzling Flash           Conj/Hex       100%       N/A       0%          3
 Ozocubu's Armour         Ice            93%        N/A       0%          3
 Stone Arrow              Conj/Erth      100%       3d13      0%          3
 Wereblood                Tmut           86%        N/A       1%          2
 Call Canine Familiar     Summ           86%        N/A       1%          3
 Ignite Poison            Fire/Tmut/Pois 88%        N/A       1%          3
 Lesser Beckoning         Tloc           89%        N/A       1%          3
 Mephitic Cloud           Conj/Pois/Air  91%        N/A       1%          3
 Summon Guardian Golem    Hex/Summ       87%        N/A       1%          3
 Animate Armour           Summ/Erth      100%       N/A       1%          4
 Corpse Rot               Necr/Pois/Air  88%        N/A       1%          4
 Dispel Undead            Necr           86%        3d28      1%          4
 Iskenderun's Mystic Bla  Conj/Tloc      92%        2d18      1%          4
 Petrify                  Tmut/Erth      89%        N/A       1%          4
 Summon Lightning Spire   Summ/Air       89%        N/A       1%          4
 Agony                    Necr           86%        N/A       1%          5
 Fireball                 Conj/Fire      47%        3d19      1%          5
 Iskenderun's Battlesphe  Conj           95%        2d14      1%          5
 Lee's Rapid Deconstruct  Erth           46%        3d23*     1%          5
 Manifold Assault         Tloc           89%        N/A       1%          5
 Metabolic Englaciation   Hex/Ice        45%        N/A       1%          5
 Silence                  Hex/Air        45%        N/A       1%          5
 Summon Forest            Summ/Tloc      43%        N/A       1%          5
 Summon Mana Viper        Hex/Summ       87%        N/A       1%          5
 Conjure Ball Lightning   Conj/Air       47%        3x3d16    1%          6
 Death Channel            Necr           43%        N/A       1%          6
 Eringya's Noxious Bog    Tmut/Pois      43%        N/A       1%          6
 Simulacrum               Ice/Necr       44%        N/A       1%          6
 Statue Form              Tmut/Erth      59%        N/A       1%          6
 Summon Cactus Giant      Summ           43%        N/A       1%          6
 Spellforged Servitor     Conj/Summ      45%        N/A       6%          7
 Summon Hydra             Summ           43%        N/A       11%         7
 Lehudib's Crystal Spear  Conj/Erth      47%        10d11     28%         8
 Maxwell's Capacitive Co  Air            46%        ∞         32%         8
 Borgnjor's Revivificati  Necr           43%        N/A       65%         8

Inventory:

Hand Weapons
 b - a +4 dagger of draining (weapon)
 C - a +1 dagger of distortion
Missiles
 V - 9 curare-tipped darts {=f}
Armour
 o - a +2 helmet of intelligence (worn)
 q - the cursed +2 cloak of Ashenzari's Sybil (worn) {Int+6 Stlth-, Self, Elem}

   Int:       It affects your intelligence (+6).
   Stlth:     It makes you less stealthy.
   It has a curse which improves the following skills: Introspection: Fighting
   and Spellcasting.
   Elements:  Fire Magic, Ice Magic, Air Magic and Earth Magic.
 s - the +0 pair of gloves "Gudadghaf" (worn) {Drain rElec rPois rF+++} rF: It renders you almost immune to fire. rElec: It insulates you from electricity. rPois: It protects you from poison. Drain: It drains your maximum health when unequipped.
 z - the cursed +2 pair of boots of the Eye in the Sky (worn) {Self, Elem}

   It has a curse which improves the following skills: Introspection: Fighting
   and Spellcasting.
   Elements:  Fire Magic, Ice Magic, Air Magic and Earth Magic.
 I - a +2 robe of willpower (worn)
 X - a +0 buckler (worn)
Magical Staves
 a - a staff of conjuration {!a}
Jewellery
 n - the ring "Jyrriz" (right hand) {rCorr Str+9 Int+6}

   [ring of intelligence]

   Str:       It affects your strength (+9).
   Int:       It affects your intelligence (+6).
   rCorr:     It protects you from acid and corrosion.
 v - a +6 ring of intelligence
 W - the cursed ring "Shattered Yoke" (left hand) {AC+4, Elem, Evo}

   [ring of protection]

   AC:        It affects your AC (+4).
   It has a curse which improves the following skills: Elements: Fire Magic, Ice
   Magic, Air Magic and Earth Magic.
   Evocations: Evocations.
 Z - the cursed amulet of Ashenzari's Disgust (around neck) {Regen+, Bglg, Melee}

   [amulet of regeneration]

   Regen:     It increases your rate of health regeneration.
   It has a curse which improves the following skills: Beguiling: Conjurations,
   Hexes and Translocations.
   Melee Combat: Short Blades, Long Blades, Axes, Maces & Flails, Polearms,
   Staves and Unarmed Combat.
Wands
 f - a wand of mindburst (31)
 D - a wand of charming (1)
 N - a wand of acid (4)
 P - a wand of digging (2)
 R - a wand of polymorph (20)
 Y - a wand of roots (25)
Scrolls
 c - 7 scrolls of immolation {!r}
 d - 16 scrolls of teleportation {@r4}
 l - 5 scrolls of summoning
 m - 8 scrolls of magic mapping
 p - 7 scrolls of silence {!r}
 r - 3 scrolls of butterflies
 w - 4 scrolls of poison {!r}
 y - 3 scrolls of enchant armour
 E - a scroll of brand weapon
 H - 8 scrolls of amnesia
 K - 2 scrolls of vulnerability {!r}
 L - a scroll of acquirement
 M - 3 scrolls of blinking
 O - 15 scrolls of enchant weapon
 Q - 5 scrolls of fear
 T - 11 scrolls of noise {!r}
Potions
 e - 2 potions of berserk rage {!q}
 g - 9 potions of curing {@q1}
 h - 7 potions of ambrosia
 i - 6 potions of mutation {!q}
 j - 11 potions of flight
 k - 2 potions of attraction {!q}
 t - 8 potions of magic
 u - 4 potions of lignification {!q}
 x - 11 potions of haste {@q3}
 B - 6 potions of cancellation
 F - a potion of invisibility
 G - 8 potions of might
 J - 6 potions of brilliance
 S - 4 potions of heal wounds {@q2}

Dungeon Overview and Level Annotations

Branches:
Dungeon (15/15)            Temple (1/1) D:4            Lair (5/5) D:10
  Swamp (4/4) Lair:3       Spider (4/4) Lair:2        Slime (0/5) Lair:4
    Orc (2/2) D:10            Elf (0/3) Orc:2        Vaults (1/5) D:13
 Depths (0/4) D:15        Ossuary (visited)          Bailey (visited)
Volcano (visited)         Gauntlet (visited)

Altars:
Ashenzari
Cheibriados
Dithmenos
Elyvilon
Fedhas
Gozag
Hepliaklqana
Kikubaaqudgha
Makhleb
Nemelex Xobeh
Okawaru
Qazlal
Ru
Sif Muna
Trog
Uskayaw
Vehumet
Wu Jian
Xom
Yredelemnul
Zin
The Shining One
Jiyva
Lugonu

Shops:
D:6 :   D:10 ?   Orc:2 =!?[

Portals:
Abyss: Lair:5

▒▒▒▒▒▒▒▒▒▒▒▒▒▒▒▒▒▒▒▒▒
░
[)[.ZBl†T............
,
B)...T▒▒▒▒▒▒▒'▒▒▒▒▒▒▒
▒▒▒▒..▒ ▒.c...▒ ░
▒..▒ ▒c▒...▒ , ▒..▒
▒.b.[T▒ ░,, ▒ ▒..▒
▒..bg.▒ ░ ▒▒ ▒..▒
▒b▒▒p.▒ ,, .▒▒▒..▒
▒.▒...▒ ..▒▒..▒
▒.....▒ ▒..▒..▒
▒..b..▒ ,, ▒..'..▒
▒.b.b.▒ ,, ▒..▒..▒
▒.▒...▒ ..▒▒..▒
▒..▒▒.▒ ░ .▒▒▒..▒
▒..▒..▒ ,


You could see a vault warden (ally target), a yaktaur captain, a deep troll
(ally target) and a yaktaur.


Message History

Unknown command.
Aiming: Iron Shot (mildly dangerous; 1% risk of failure)
Aim: a vault warden, wielding a +2 vorpal war axe, wearing a +0 plate armour and wearing a +0 kite shield (heavily wounded, ally target, 81% to hit)
The iron shot hits the vault warden!!
The vault warden is severely wounded.
The yaktaur captain hits your butterfly with a +0 whip of pain!!
Your butterfly dies!
Your butterfly disappears in a burst of colours!
The vault warden hits you with a +2 vorpal war axe.
* * * LOW HITPOINT WARNING * * *
* * * LOW HITPOINT WARNING * * *
The vault warden hits your butterfly with a +2 vorpal war axe!
Your butterfly dies!
Your butterfly disappears in a burst of colours!
The vault warden hits your butterfly with a +2 vorpal war axe!
Your butterfly dies!
Your butterfly disappears in a burst of colours!
The deep troll bites you!
* * * LOW HITPOINT WARNING * * *
The deep troll barely misses you.
The deep troll claws you but does no damage.
Unknown command.
Aiming: Iron Shot (mildly dangerous; 1% risk of failure)
Aim: a vault warden, wielding a +2 vorpal war axe, wearing a +0 plate armour and wearing a +0 kite shield (severely wounded, ally target, 81% to hit)
The vault warden blocks the iron shot.
The yaktaur captain unwields a +0 whip of pain.
The yaktaur captain wields a +0 arbalest.
The yaktaur captain shoots a bolt.
The bolt hits you!!
You die...

Action                   |  1- 3 |  4- 6 |  7- 9 | 10-12 | 13-15 | 16-18 || total
-------------------------+-------+-------+-------+-------+-------+-------++-------
Melee: Dagger            |   363 |     9 |     8 |     1 |     5 |    85 ||   471
       Bite              |    71 |     1 |    18 |    15 |    29 |    35 ||   169
       Punch             |     9 |     1 |     2 |     3 |    17 |    11 ||    43
       Glaive            |       |    14 |       |       |       |       ||    14
       Short sword       |       |       |   138 |    63 |       |       ||   201
       Staff             |       |       |       |    71 |   314 |   150 ||   535
Throw: Dart              |       |       |       |       |     1 |       ||     1
 Cast: Magic Dart        |    46 |    59 |   133 |    84 |    71 |     1 ||   394
       Searing Ray       |     4 |     3 |    29 |    26 |    10 |       ||    72
       Fulminant Prism   |       |       |    24 |    25 |     9 |       ||    58
       Freezing Cloud    |       |       |       |     2 |    66 |    36 ||   104
       Iron Shot         |       |       |       |       |   280 |   423 ||   703
       Orb of Destructio |       |       |       |       |     4 |    70 ||    74
       Storm Form        |       |       |       |       |       |     1 ||     1
Invok: Curse Item        |       |       |     2 |     3 |     4 |       ||     9
       Shatter the Chain |       |       |       |       |     4 |     1 ||     5
Evoke: Wand              |       |       |       |       |     2 |    15 ||    17
  Use: Potion            |       |       |       |     2 |     1 |     7 ||    10
       Scroll            |       |       |       |     3 |     7 |     3 ||    13
 Stab: Sleeping          |       |       |     8 |     2 |     5 |     2 ||    17
       Paralysed         |       |       |     1 |       |       |       ||     1
       Distracted        |       |       |       |       |     3 |       ||     3
Armor: Robe              |       |     4 |    52 |    54 |   176 |   239 ||   525
Dodge: Dodged            |     2 |    22 |   139 |   120 |   337 |   406 ||  1026
Block: Buckler           |       |       |       |       |       |    48 ||    48

Levels and vault maps discovered:
D:1:      dpeg_arrival_circle_labyrinth_c, layout_basic, serial_forest,
          infiniplex_forest_lined_2, infiniplex_forest_lined_room_3,
          infiniplex_forest_lined_3_way, infiniplex_forest_end_double,
          infiniplex_forest_zigzag_2, infiniplex_forest_lined_room_2,
          infiniplex_forest_corner_2, infiniplex_forest_corner_1
D:2:      layout_loops_cross, shapermc_ecumenical_altar_rom_forum,
          serial_bayou_ford_a, palyth_stone_intersect, uniq_jessica,
          uniq_crazy_yiuf_cottage
D:3:      layout_basic, grunt_decor_clamped, uniq_natasha, uniq_sigmund
D:4:      layout_rooms, mainiacjoe_overflow_tiny_flanked,
          minmay_temple_entry_wispy, gammafunk_ghost_grave,
          minmay_gold_behind_fungi
D:5:      layout_basic, nicolae_ru_great_annihilating_truth, enter_ossuary_3,
          minmay_between
D:6:      layout_basic, lightli_temple_of_fire, serial_shops, kennysheep_mini,
          minmay_holes, lemuel_old_faithful, uniq_pikel, uniq_blork_the_orc
D:7:      layout_cave_pools, nicolae_dithmenos_shadow_blocks, uniq_duvessa
D:8:      layout_gridville, mainiacjoe_overflow_alcove_1,
          mainiacjoe_overflow_concentric_impassable, zin_treasury,
          enter_bailey_8
D:9:      lemuel_troll_bridge, layout_long_grid,
          mainiacjoe_overflow_cross_hatched, grunt_ministairs_2
D:10:     cheibrodos_shockbox, layout_rooms, dpeg_oklobed_lair, orc_0_dummy,
          gammafunk_ghost_hydra_chop, serial_shops, nicolae_diamond_shop
D:11:     layout_rooms, vehumet_altar_wand_db
D:12:     layout_basic, minmay_strange_pillars, minmay_hedge_maze,
          ashenzari_altar_1, uniq_psyche
D:13:     layout_irregular_city, erik_vaults_2, serial_column_ruins,
          column_ruins_corridor_straight, column_ruins_corridor_straight,
          column_ruins_columns_water, nemelex_lonely_heart_becter
D:14:     layout_loops_corners, nicolae_sextant, chequers_serial_rivers_micro_b,
          uniq_lodul
D:15:     gammafunk_depths_entry_grave, layout_irregular_city,
          gauntlet_entry_generic, minmay_curled_crystal, nrook_mini_backslash
Temple:   nicolae_temple_bog_church
Lair:1:   layout_regular_city
Lair:2:   layout_hall_layers, nicolae_spider_entry_orb_guardian,
          infiniplex_staircase_pool
Lair:3:   layout_regular_city, palyth_hydra_swamp_entry,
          chequers_serial_rivers_room_a, nicolae_quartered_pool_super,
          grunt_forest_small_clearings, lemuel_centaur_altar
Lair:4:   layout_roguey, minmay_slime_entry_oklob_enclosed, serial_rivers,
          chequers_serial_rivers_marsh, chequers_serial_rivers_micro_d,
          chequers_serial_rivers_large_b, chequers_serial_rivers_small_a
Lair:5:   hellmonk_lair_end_abyssal_woods, layout_small_grid,
          lightli_volcano_entry_magma_tube, hibernation_bobbens
Swamp:1:  layout_falls_marsh, evilmike_swamp_ruin_house_2, uniq_josephine
Swamp:2:  layout_falls_marsh, evilmike_swamp_ruin_house_6, uniq_nikola,
          uniq_jorgrun
Swamp:3:  layout_basic_swamp, serial_swamp_ruin, evilmike_swamp_ruin_house_3,
          evilmike_swamp_ruin_rubble_1, evilmike_swamp_ruin_rubble_2,
          swamp_pool3, infiniplex_staircase_pool_2
Swamp:4:  swamp_fiery, layout_basic_swamp, uniq_aizul
Spider:1: layout_spider_delve
Spider:2: layout_cave_pods
Spider:3: layout_spider_delve
Spider:4: hellmonk_spider_rune_endless_swarm,
          nicolae_spider_some_kinda_spiderbox, uniq_asterion
Orc:1:    layout_caves, uniq_fannar
Orc:2:    st_orc_town, layout_caves
Vaults:1: hangedman_vaults_slice, hangedman_vaults_unwind,
          vaults_mumra_minichess_inversion, dpeg_vaults_hating_casters,
          hangedman_vaults_locks, v_misc_14, layout_vaults_omnigrid

Notes
Turn   | Place    | Note
-------+----------+-------------------------------------------
     0 | D:1      | sanka the Gnoll Conjurer began the quest for the Orb.
     0 | D:1      | Reached XP level 1. HP: 13/13 MP: 6/6
   347 | D:1      | Reached XP level 2. HP: 19/19 MP: 5/7
   615 | D:1      | Reached skill level 5 in Spellcasting
   615 | D:1      | Reached XP level 3. HP: 25/25 MP: 5/9
   618 | D:1      | Learned a level 2 spell: Searing Ray
   989 | D:1      | Reached skill level 1 in Invocations
  1954 | D:2      | Noticed Jessica
  1957 | D:2      | Killed Jessica
  1958 | D:2      | Reached skill level 1 in Fighting
  1958 | D:2      | Reached skill level 1 in Short Blades
  1958 | D:2      | Reached skill level 1 in Long Blades
  1958 | D:2      | Reached skill level 1 in Axes
  1958 | D:2      | Reached skill level 1 in Maces & Flails
  1958 | D:2      | Reached skill level 1 in Polearms
  1958 | D:2      | Reached skill level 1 in Staves
  1958 | D:2      | Reached skill level 1 in Ranged Weapons
  1958 | D:2      | Reached skill level 1 in Throwing
  1958 | D:2      | Reached skill level 1 in Armour
  1958 | D:2      | Reached skill level 1 in Shields
  1958 | D:2      | Reached skill level 1 in Unarmed Combat
  1958 | D:2      | Reached skill level 1 in Evocations
  1958 | D:2      | Reached XP level 4. HP: 32/32 MP: 7/11
  2024 | D:2      | Found a faded altar of an unknown god.
  2034 | D:2      | Got Plato's Papyrus of Pyromania
  2301 | D:2      | Reached skill level 1 in Hexes
  2301 | D:2      | Reached skill level 1 in Summonings
  2301 | D:2      | Reached skill level 1 in Necromancy
  2301 | D:2      | Reached skill level 1 in Translocations
  2301 | D:2      | Reached skill level 1 in Transmutations
  2301 | D:2      | Reached skill level 1 in Fire Magic
  2301 | D:2      | Reached skill level 1 in Ice Magic
  2301 | D:2      | Reached skill level 1 in Air Magic
  2301 | D:2      | Reached skill level 1 in Earth Magic
  2301 | D:2      | Reached skill level 1 in Poison Magic
  2480 | D:2      | Found a runed translucent door.
  2481 | D:2      | Noticed Crazy Yiuf
  2792 | D:3      | Noticed Sigmund
  2799 | D:3      | Killed Sigmund
  2800 | D:3      | Reached skill level 2 in Invocations
  2800 | D:3      | Reached XP level 5. HP: 38/38 MP: 3/12
  2800 | D:3      | Reached XP level 6. HP: 44/44 MP: 3/14
  3112 | D:3      | Noticed Natasha
  3120 | D:3      | Killed Natasha
  3121 | D:3      | Reached skill level 2 in Fighting
  3121 | D:3      | Reached skill level 2 in Short Blades
  3121 | D:3      | Reached skill level 2 in Long Blades
  3121 | D:3      | Reached skill level 2 in Axes
  3121 | D:3      | Reached skill level 2 in Maces & Flails
  3121 | D:3      | Reached skill level 2 in Polearms
  3121 | D:3      | Reached skill level 2 in Staves
  3121 | D:3      | Reached skill level 2 in Ranged Weapons
  3121 | D:3      | Reached skill level 2 in Throwing
  3121 | D:3      | Reached skill level 2 in Armour
  3121 | D:3      | Reached skill level 5 in Dodging
  3121 | D:3      | Reached skill level 2 in Shields
  3121 | D:3      | Reached skill level 2 in Unarmed Combat
  3121 | D:3      | Reached skill level 2 in Evocations
  3615 | D:3      | Noticed Natasha
  3663 | D:4      | Found a sparkling altar of Nemelex Xobeh.
  3789 | D:3      | Killed Natasha
  3910 | D:3      | Noticed Natasha
  3912 | D:3      | Killed Natasha
  3913 | D:3      | Reached XP level 7. HP: 51/51 MP: 12/15
  3976 | D:4      | Found a staircase to the Ecumenical Temple.
  3997 | Temple   | Entered the Ecumenical Temple
  4205 | Temple   | Became a worshipper of Ashenzari the Shackled
  4462 | D:4      | Found a runed translucent door.
  4463 | D:4      | Noticed Tommers's ghost (amateur DjFE)
  4732 | D:4      | Killed Tommers's ghost
  4733 | D:4      | Reached skill level 5 in Stealth
  4733 | D:4      | Reached skill level 2 in Hexes
  4733 | D:4      | Reached skill level 2 in Summonings
  4733 | D:4      | Reached skill level 2 in Necromancy
  4733 | D:4      | Reached skill level 2 in Translocations
  4733 | D:4      | Reached skill level 2 in Transmutations
  4733 | D:4      | Reached skill level 2 in Fire Magic
  4733 | D:4      | Reached skill level 2 in Ice Magic
  4733 | D:4      | Reached skill level 2 in Air Magic
  4733 | D:4      | Reached skill level 2 in Earth Magic
  4733 | D:4      | Reached skill level 2 in Poison Magic
  4733 | D:4      | Reached skill level 3 in Invocations
  4847 | D:5      | Entered Level 5 of the Dungeon
  4891 | D:5      | Found a sand-covered staircase.
  4909 | Ossuary  | Entered an ossuary
  5583 | D:5      | Reached skill level 3 in Fighting
  5583 | D:5      | Reached skill level 3 in Short Blades
  5583 | D:5      | Reached skill level 3 in Long Blades
  5583 | D:5      | Reached skill level 3 in Axes
  5583 | D:5      | Reached skill level 3 in Maces & Flails
  5583 | D:5      | Reached skill level 3 in Polearms
  5583 | D:5      | Reached skill level 3 in Staves
  5583 | D:5      | Reached skill level 3 in Ranged Weapons
  5583 | D:5      | Reached skill level 3 in Throwing
  5583 | D:5      | Reached skill level 3 in Armour
  5583 | D:5      | Reached skill level 3 in Shields
  5583 | D:5      | Reached skill level 3 in Unarmed Combat
  5583 | D:5      | Reached skill level 3 in Evocations
  5583 | D:5      | Reached XP level 8. HP: 58/58 MP: 9/16
  5792 | D:5      | Identified the +3 whip of Destiny {vorpal, rN++}
  5851 | D:5      | Reached skill level 6 in Spellcasting
  5944 | D:5      | Found a sacrificial altar of Ru.
  6584 | D:5      | Reached skill level 3 in Hexes
  6584 | D:5      | Reached skill level 3 in Summonings
  6584 | D:5      | Reached skill level 3 in Necromancy
  6584 | D:5      | Reached skill level 3 in Translocations
  6584 | D:5      | Reached skill level 3 in Transmutations
  6584 | D:5      | Reached skill level 3 in Fire Magic
  6584 | D:5      | Reached skill level 3 in Ice Magic
  6584 | D:5      | Reached skill level 3 in Air Magic
  6584 | D:5      | Reached skill level 3 in Earth Magic
  6584 | D:5      | Reached skill level 3 in Poison Magic
  6584 | D:5      | Reached skill level 4 in Invocations
  7060 | D:5      | Reached skill level 6 in Dodging
  7466 | D:6      | Noticed Pikel
  7476 | D:5      | Learned a level 4 spell: Fulminant Prism
  7856 | D:6      | Reached * piety under Ashenzari
  7856 | D:6      | Identified a potion of resistance
  7856 | D:6      | Identified a scroll of acquirement
  7857 | D:6      | Upgraded the game from 0.30-a0-23-ge60ba3568b to
                  | 0.30-a0-29-g142975f185
  8002 | D:6      | Killed Pikel
  8003 | D:6      | Reached skill level 4 in Fighting
  8003 | D:6      | Reached skill level 4 in Short Blades
  8003 | D:6      | Reached skill level 4 in Long Blades
  8003 | D:6      | Reached skill level 4 in Axes
  8003 | D:6      | Reached skill level 4 in Maces & Flails
  8003 | D:6      | Reached skill level 4 in Polearms
  8003 | D:6      | Reached skill level 4 in Staves
  8003 | D:6      | Reached skill level 4 in Ranged Weapons
  8003 | D:6      | Reached skill level 4 in Throwing
  8003 | D:6      | Reached skill level 4 in Armour
  8003 | D:6      | Reached skill level 6 in Stealth
  8003 | D:6      | Reached skill level 4 in Shields
  8003 | D:6      | Reached skill level 4 in Unarmed Combat
  8003 | D:6      | Reached skill level 8 in Conjurations
  8003 | D:6      | Reached skill level 4 in Evocations
  8003 | D:6      | Reached XP level 9. HP: 12/65 MP: 2/19
  8341 | D:6      | Found Keitul's Book Shoppe.
  8411 | D:6      | Noticed Blork the orc
  8422 | D:6      | Killed Blork the orc
  8719 | D:6      | Found a bloodstained altar of Trog.
  9029 | D:2      | Killed Crazy Yiuf
  9200 | D:7      | Reached skill level 5 in Invocations
  9627 | D:6      | Reached skill level 7 in Spellcasting
  9699 | D:7      | Reached skill level 4 in Hexes
  9699 | D:7      | Reached skill level 4 in Summonings
  9699 | D:7      | Reached skill level 4 in Necromancy
  9699 | D:7      | Reached skill level 4 in Translocations
  9699 | D:7      | Reached skill level 4 in Transmutations
  9699 | D:7      | Reached skill level 4 in Fire Magic
  9699 | D:7      | Reached skill level 4 in Ice Magic
  9699 | D:7      | Reached skill level 4 in Air Magic
  9699 | D:7      | Reached skill level 4 in Earth Magic
  9699 | D:7      | Reached skill level 4 in Poison Magic
  9853 | D:7      | Noticed Duvessa
  9990 | D:7      | Noticed Dowan
  9990 | D:7      | Killed Duvessa
  9991 | D:7      | Reached skill level 5 in Fighting
  9991 | D:7      | Reached skill level 5 in Short Blades
  9991 | D:7      | Reached skill level 5 in Long Blades
  9991 | D:7      | Reached skill level 5 in Axes
  9991 | D:7      | Reached skill level 5 in Maces & Flails
  9991 | D:7      | Reached skill level 5 in Polearms
  9991 | D:7      | Reached skill level 5 in Staves
  9991 | D:7      | Reached skill level 5 in Ranged Weapons
  9991 | D:7      | Reached skill level 5 in Throwing
  9991 | D:7      | Reached skill level 5 in Armour
  9991 | D:7      | Reached skill level 5 in Shields
  9991 | D:7      | Reached skill level 5 in Unarmed Combat
  9991 | D:7      | Reached skill level 5 in Evocations
  9991 | D:7      | Reached XP level 10. HP: 70/74 MP: 7/20
  9993 | D:7      | Killed Dowan
 10155 | D:7      | Reached ** piety under Ashenzari
 10210 | D:7      | Reached skill level 7 in Dodging
 10381 | D:7      | Found a shadowy altar of Dithmenos.
 10764 | D:8      | Identified Uhyf's Precepts of Telluric Evil Magic
 10785 | D:8      | Learned a level 6 spell: Iron Shot
 10829 | D:8      | Reached skill level 6 in Invocations
 10832 | D:8      | Reached skill level 7 in Stealth
 10984 | D:8      | Found a glowing silver altar of Zin.
 11027 | D:8      | Found a flagged portal.
 11042 | Bailey   | Entered a bailey
 11280 | Bailey   | Identified a potion of experience
 11354 | Bailey   | Reached skill level 6 in Fighting
 11354 | Bailey   | Reached skill level 6 in Short Blades
 11354 | Bailey   | Reached skill level 6 in Long Blades
 11354 | Bailey   | Reached skill level 6 in Axes
 11354 | Bailey   | Reached skill level 6 in Maces & Flails
 11354 | Bailey   | Reached skill level 6 in Polearms
 11354 | Bailey   | Reached skill level 6 in Staves
 11354 | Bailey   | Reached skill level 6 in Ranged Weapons
 11354 | Bailey   | Reached skill level 6 in Throwing
 11354 | Bailey   | Reached skill level 6 in Armour
 11354 | Bailey   | Reached skill level 8 in Dodging
 11354 | Bailey   | Reached skill level 8 in Stealth
 11354 | Bailey   | Reached skill level 6 in Shields
 11354 | Bailey   | Reached skill level 6 in Unarmed Combat
 11354 | Bailey   | Reached skill level 8 in Spellcasting
 11354 | Bailey   | Reached skill level 9 in Conjurations
 11354 | Bailey   | Reached skill level 5 in Hexes
 11354 | Bailey   | Reached skill level 5 in Summonings
 11354 | Bailey   | Reached skill level 5 in Necromancy
 11354 | Bailey   | Reached skill level 5 in Translocations
 11354 | Bailey   | Reached skill level 5 in Transmutations
 11354 | Bailey   | Reached skill level 5 in Fire Magic
 11354 | Bailey   | Reached skill level 5 in Ice Magic
 11354 | Bailey   | Reached skill level 5 in Air Magic
 11354 | Bailey   | Reached skill level 5 in Earth Magic
 11354 | Bailey   | Reached skill level 5 in Poison Magic
 11354 | Bailey   | Reached skill level 7 in Invocations
 11354 | Bailey   | Reached skill level 6 in Evocations
 11354 | Bailey   | Reached XP level 11. HP: 86/86 MP: 22/24
 11355 | Bailey   | Reached skill level 7 in Fighting
 11355 | Bailey   | Reached skill level 7 in Short Blades
 11355 | Bailey   | Reached skill level 7 in Long Blades
 11355 | Bailey   | Reached skill level 7 in Axes
 11355 | Bailey   | Reached skill level 7 in Maces & Flails
 11355 | Bailey   | Reached skill level 7 in Polearms
 11355 | Bailey   | Reached skill level 7 in Staves
 11355 | Bailey   | Reached skill level 7 in Ranged Weapons
 11355 | Bailey   | Reached skill level 7 in Throwing
 11355 | Bailey   | Reached skill level 7 in Armour
 11355 | Bailey   | Reached skill level 7 in Shields
 11355 | Bailey   | Reached skill level 7 in Unarmed Combat
 11355 | Bailey   | Reached skill level 9 in Spellcasting
 11355 | Bailey   | Reached skill level 6 in Hexes
 11355 | Bailey   | Reached skill level 6 in Summonings
 11355 | Bailey   | Reached skill level 6 in Necromancy
 11355 | Bailey   | Reached skill level 6 in Translocations
 11355 | Bailey   | Reached skill level 6 in Transmutations
 11355 | Bailey   | Reached skill level 6 in Fire Magic
 11355 | Bailey   | Reached skill level 6 in Ice Magic
 11355 | Bailey   | Reached skill level 6 in Air Magic
 11355 | Bailey   | Reached skill level 6 in Earth Magic
 11355 | Bailey   | Reached skill level 6 in Poison Magic
 11355 | Bailey   | Reached skill level 8 in Invocations
 11355 | Bailey   | Reached skill level 7 in Evocations
 11355 | Bailey   | Reached XP level 12. HP: 94/94 MP: 22/26
 11786 | Bailey   | Reached skill level 9 in Dodging
 11787 | Bailey   | Acquired a staff of conjuration
 11792 | Bailey   | Acquired a Trismegistus Codex
 11800 | Bailey   | Learned a level 5 spell: Freezing Cloud
 12002 | D:8      | Found a radiant altar of Vehumet.
 12218 | D:8      | Reached *** piety under Ashenzari
 12437 | D:8      | Found a basalt altar of Yredelemnul.
 13036 | D:9      | Found a hide-covered altar of Uskayaw.
 13481 | D:9      | Reached skill level 9 in Stealth
 13560 | D:9      | Reached XP level 13. HP: 86/101 MP: 22/28
 13746 | D:9      | Reached skill level 8 in Fighting
 13746 | D:9      | Reached skill level 8 in Short Blades
 13746 | D:9      | Reached skill level 8 in Long Blades
 13746 | D:9      | Reached skill level 8 in Axes
 13746 | D:9      | Reached skill level 8 in Maces & Flails
 13746 | D:9      | Reached skill level 8 in Polearms
 13746 | D:9      | Reached skill level 8 in Staves
 13746 | D:9      | Reached skill level 8 in Ranged Weapons
 13746 | D:9      | Reached skill level 8 in Throwing
 13746 | D:9      | Reached skill level 8 in Armour
 13746 | D:9      | Reached skill level 8 in Shields
 13746 | D:9      | Reached skill level 8 in Unarmed Combat
 13746 | D:9      | Reached skill level 8 in Evocations
 14098 | D:10     | Entered Level 10 of the Dungeon
 14273 | D:10     | Reached **** piety under Ashenzari
 14288 | D:10     | Found Dinorgho's Magic Scroll Shop.
 14294 | D:10     | Found a staircase to the Orcish Mines.
 14419 | D:10     | Reached skill level 9 in Invocations
 14528 | D:10     | Reached skill level 10 in Conjurations
 14677 | D:10     | Found a staircase to the Lair.
 15012 | D:10     | Found a runed translucent door.
 15057 | D:10     | Reached skill level 7 in Hexes
 15057 | D:10     | Reached skill level 7 in Summonings
 15057 | D:10     | Reached skill level 7 in Necromancy
 15057 | D:10     | Reached skill level 7 in Translocations
 15057 | D:10     | Reached skill level 7 in Transmutations
 15057 | D:10     | Reached skill level 7 in Fire Magic
 15057 | D:10     | Reached skill level 7 in Ice Magic
 15057 | D:10     | Reached skill level 7 in Air Magic
 15057 | D:10     | Reached skill level 7 in Earth Magic
 15057 | D:10     | Reached skill level 7 in Poison Magic
 15143 | D:10     | Found a runed translucent gate.
 15143 | D:10     | Found a runed translucent gate.
 15143 | D:10     | Found a runed translucent gate.
 15143 | D:10     | Noticed Turgor's ghost (novice DsGl)
 15143 | D:10     | Identified the +5 broad axe of Ilemat {venom, rElec}
 15521 | D:10     | Killed Turgor's ghost
 15804 | D:11     | Reached skill level 10 in Spellcasting
 15951 | D:11     | Paralysed by a hornet for 1 turns
 16478 | D:11     | Found a radiant altar of Vehumet.
 16751 | Lair:1   | Entered Level 1 of the Lair of Beasts
 17121 | Lair:1   | Reached skill level 10 in Dodging
 17830 | Lair:2   | Found a hole to the Spider Nest.
 19193 | Lair:3   | Acquired 803 gold pieces
 19195 | Lair:3   | Acquired 1198 gold pieces
 19310 | Lair:3   | Reached skill level 9 in Fighting
 19310 | Lair:3   | Reached skill level 9 in Short Blades
 19310 | Lair:3   | Reached skill level 9 in Long Blades
 19310 | Lair:3   | Reached skill level 9 in Axes
 19310 | Lair:3   | Reached skill level 9 in Maces & Flails
 19310 | Lair:3   | Reached skill level 9 in Polearms
 19310 | Lair:3   | Reached skill level 9 in Staves
 19310 | Lair:3   | Reached skill level 9 in Ranged Weapons
 19310 | Lair:3   | Reached skill level 9 in Throwing
 19310 | Lair:3   | Reached skill level 9 in Armour
 19310 | Lair:3   | Reached skill level 9 in Shields
 19310 | Lair:3   | Reached skill level 9 in Unarmed Combat
 19310 | Lair:3   | Reached skill level 9 in Evocations
 19468 | Lair:3   | Reached skill level 10 in Stealth
 19468 | Lair:3   | Reached XP level 14. HP: 111/111 MP: 13/29
 20087 | Lair:3   | Found a shimmering blue altar of Sif Muna.
 20506 | Lair:3   | Found a staircase to the Swamp.
 20898 | Lair:4   | Reached skill level 10 in Invocations
 21144 | Lair:4   | Identified the ring of Vehumet's Respect {Ice rPois Str+4
                  | Int+4}
 21697 | Lair:4   | Found a viscous altar of Jiyva.
 21700 | Lair:4   | Found a staircase to the Slime Pits.
 22420 | Lair:5   | Entered Level 5 of the Lair of Beasts
 22514 | Lair:5   | Reached skill level 8 in Hexes
 22514 | Lair:5   | Reached skill level 8 in Summonings
 22514 | Lair:5   | Reached skill level 8 in Necromancy
 22514 | Lair:5   | Reached skill level 8 in Translocations
 22514 | Lair:5   | Reached skill level 8 in Transmutations
 22514 | Lair:5   | Reached skill level 8 in Fire Magic
 22514 | Lair:5   | Reached skill level 8 in Ice Magic
 22514 | Lair:5   | Reached skill level 8 in Air Magic
 22514 | Lair:5   | Reached skill level 8 in Earth Magic
 22514 | Lair:5   | Reached skill level 8 in Poison Magic
 22603 | Lair:5   | Found a dark tunnel.
 22623 | Volcano  | Entered a volcano
 23224 | Volcano  | Found a burning altar of Makhleb.
 23334 | Volcano  | Noticed a stone giant
 23336 | Volcano  | Killed a stone giant
 24771 | Lair:5   | Reached skill level 11 in Spellcasting
 26324 | Lair:5   | Reached skill level 11 in Dodging
 26324 | Lair:5   | Reached skill level 11 in Conjurations
 26510 | Lair:5   | Reached skill level 10 in Fighting
 26510 | Lair:5   | Reached skill level 10 in Short Blades
 26510 | Lair:5   | Reached skill level 10 in Long Blades
 26510 | Lair:5   | Reached skill level 10 in Axes
 26510 | Lair:5   | Reached skill level 10 in Maces & Flails
 26510 | Lair:5   | Reached skill level 10 in Polearms
 26510 | Lair:5   | Reached skill level 10 in Staves
 26510 | Lair:5   | Reached skill level 10 in Ranged Weapons
 26510 | Lair:5   | Reached skill level 10 in Throwing
 26510 | Lair:5   | Reached skill level 10 in Armour
 26510 | Lair:5   | Reached skill level 10 in Shields
 26510 | Lair:5   | Reached skill level 10 in Unarmed Combat
 26510 | Lair:5   | Reached skill level 10 in Evocations
 26518 | Lair:5   | Reached XP level 15. HP: 119/119 MP: 17/31
 26807 | Lair:5   | Acquired 364 gold pieces
 26809 | Lair:5   | Acquired the +2 cloak of Nomanuu {Int+6 Stlth-}
 26927 | Lair:5   | Reached skill level 11 in Invocations
 26943 | Lair:5   | Noticed a quicksilver dragon
 27195 | Lair:5   | Reached skill level 11 in Stealth
 27396 | Lair:5   | Found a corrupted altar of Lugonu.
 27396 | Lair:5   | Found a one-way gate to the infinite horrors of the Abyss.
 27597 | Lair:5   | Found a corrupted altar of Lugonu.
 27597 | Lair:5   | Found a one-way gate to the infinite horrors of the Abyss.
 28969 | Lair:5   | Found a corrupted altar of Lugonu.
 28969 | Lair:5   | Found a one-way gate to the infinite horrors of the Abyss.
 29409 | Orc:1    | Entered Level 1 of the Orcish Mines
 29652 | Orc:1    | Noticed Fannar
 29710 | Orc:1    | Killed Fannar
 30013 | Orc:2    | Entered Level 2 of the Orcish Mines
 30079 | Orc:2    | Found a staircase to the Elven Halls.
 31640 | Orc:2    | Identified a +2 robe of resistance
 32340 | Orc:2    | Found Lihudop's Armour Boutique.
 32340 | Orc:2    | Found Sypsam's Magic Scroll Shoppe.
 32449 | Orc:2    | Found Josaadum's Distillery.
 32449 | Orc:2    | Found Urerets's Jewellery Shoppe.
 32624 | Orc:2    | Bought a +6 ring of intelligence for 468 gold pieces
 32624 | Orc:2    | Bought an amulet of regeneration for 390 gold pieces
 32660 | Orc:2    | Bought a +2 pair of gloves for 247 gold pieces
 32692 | Orc:2    | Bought a potion of haste for 140 gold pieces
 32692 | Orc:2    | Bought a potion of brilliance for 56 gold pieces
 32692 | Orc:2    | Bought a potion of brilliance for 56 gold pieces
 32723 | Orc:2    | Bought a scroll of blinking for 127 gold pieces
 33193 | D:12     | Noticed Psyche
 33210 | D:12     | Killed Psyche
 33455 | D:12     | Found a broken altar of Ashenzari.
 34541 | D:13     | Found a gate to the Vaults.
 34556 | D:13     | Reached skill level 9 in Hexes
 34556 | D:13     | Reached skill level 9 in Summonings
 34556 | D:13     | Reached skill level 9 in Necromancy
 34556 | D:13     | Reached skill level 9 in Translocations
 34556 | D:13     | Reached skill level 9 in Transmutations
 34556 | D:13     | Reached skill level 9 in Fire Magic
 34556 | D:13     | Reached skill level 9 in Ice Magic
 34556 | D:13     | Reached skill level 9 in Air Magic
 34556 | D:13     | Reached skill level 9 in Earth Magic
 34556 | D:13     | Reached skill level 9 in Poison Magic
 34761 | D:13     | Learned a level 7 spell: Orb of Destruction
 35360 | D:13     | Found a sparkling altar of Nemelex Xobeh.
 35541 | D:14     | Noticed Lodul
 35546 | D:14     | Killed Lodul
 36420 | D:14     | Reached XP level 16. HP: 123/131 MP: 22/34
 36739 | D:15     | Entered Level 15 of the Dungeon
 36981 | D:15     | Found a gate leading to a gauntlet.
 36987 | D:15     | Reached skill level 12 in Spellcasting
 37038 | Gauntlet | Entered a Gauntlet
 37038 | Gauntlet | Found a transporter.
 37120 | Gauntlet | Found a transporter.
 37120 | Gauntlet | Found a transporter.
 37128 | Gauntlet | Found a runed translucent gate.
 37128 | Gauntlet | Found a runed translucent gate.
 37128 | Gauntlet | Found a runed translucent gate.
 37130 | Gauntlet | Found a transporter.
 37133 | Gauntlet | Found a transporter.
 37141 | Gauntlet | Identified the ring of the Traitor {Ice Drain rPois Int+2
                  | SInv}
 37142 | Gauntlet | Found a transporter.
 37157 | Gauntlet | Found a transporter.
 37160 | Gauntlet | Identified the ring "Bepto" {Wiz rCorr Str-2 Int+3 Dex+4}
 37168 | Gauntlet | Found a transporter.
 37169 | Gauntlet | Identified the +0 plate armour of the Furies {Rampage *Slow
                  | MP+9 Str+6}
 37175 | Gauntlet | Found a runed translucent door.
 37180 | Gauntlet | Found a transporter.
 37185 | Gauntlet | Identified the ring "Jyrriz" {rCorr Str+9 Int+6}
 37191 | Gauntlet | Found a transporter.
 37193 | Gauntlet | Found a transporter.
 37210 | Gauntlet | Found a transporter.
 37223 | Gauntlet | Found a transporter.
 37286 | Gauntlet | Found a transporter.
 37734 | Gauntlet | Reached skill level 11 in Fighting
 37734 | Gauntlet | Reached skill level 11 in Short Blades
 37734 | Gauntlet | Reached skill level 11 in Long Blades
 37734 | Gauntlet | Reached skill level 11 in Axes
 37734 | Gauntlet | Reached skill level 11 in Maces & Flails
 37734 | Gauntlet | Reached skill level 11 in Polearms
 37734 | Gauntlet | Reached skill level 11 in Staves
 37734 | Gauntlet | Reached skill level 11 in Ranged Weapons
 37734 | Gauntlet | Reached skill level 11 in Throwing
 37734 | Gauntlet | Reached skill level 11 in Armour
 37734 | Gauntlet | Reached skill level 11 in Shields
 37734 | Gauntlet | Reached skill level 11 in Unarmed Combat
 37734 | Gauntlet | Reached skill level 11 in Evocations
 37798 | Gauntlet | Identified Sidghuk's Secrets of Blasts and Changing
 38135 | D:15     | Reached skill level 12 in Invocations
 38451 | D:15     | Reached skill level 12 in Dodging
 38777 | D:15     | Identified the +6 whip of Tumult {venom, Dex+3}
 39052 | D:15     | Found a staircase to the Depths.
 39676 | Spider:1 | Entered Level 1 of the Spider Nest
 39683 | Spider:1 | Reached skill level 12 in Stealth
 41887 | Spider:2 | Reached skill level 12 in Conjurations
 43718 | Spider:2 | Reached XP level 17. HP: 77/139 MP: 12/36
 44579 | Spider:3 | Reached skill level 10 in Hexes
 44579 | Spider:3 | Reached skill level 10 in Summonings
 44579 | Spider:3 | Reached skill level 10 in Necromancy
 44579 | Spider:3 | Reached skill level 10 in Translocations
 44579 | Spider:3 | Reached skill level 10 in Transmutations
 44579 | Spider:3 | Reached skill level 10 in Fire Magic
 44579 | Spider:3 | Reached skill level 10 in Ice Magic
 44579 | Spider:3 | Reached skill level 10 in Air Magic
 44579 | Spider:3 | Reached skill level 10 in Earth Magic
 44579 | Spider:3 | Reached skill level 10 in Poison Magic
 45734 | Spider:4 | Entered Level 4 of the Spider Nest
 46209 | Spider:4 | Reached skill level 13 in Invocations
 46348 | Spider:4 | Reached skill level 12 in Fighting
 46348 | Spider:4 | Reached skill level 12 in Short Blades
 46348 | Spider:4 | Reached skill level 12 in Long Blades
 46348 | Spider:4 | Reached skill level 12 in Axes
 46348 | Spider:4 | Reached skill level 12 in Maces & Flails
 46348 | Spider:4 | Reached skill level 12 in Polearms
 46348 | Spider:4 | Reached skill level 12 in Staves
 46348 | Spider:4 | Reached skill level 12 in Ranged Weapons
 46348 | Spider:4 | Reached skill level 12 in Throwing
 46348 | Spider:4 | Reached skill level 12 in Armour
 46348 | Spider:4 | Reached skill level 12 in Shields
 46348 | Spider:4 | Reached skill level 12 in Unarmed Combat
 46348 | Spider:4 | Reached skill level 12 in Evocations
 47220 | Spider:4 | Reached skill level 13 in Spellcasting
 47626 | Spider:4 | Noticed Asterion
 47774 | Spider:4 | Killed Asterion
 48542 | Spider:4 | Reached skill level 13 in Dodging
 49326 | Spider:4 | Got a gossamer rune of Zot
 49350 | Spider:4 | Reached skill level 13 in Stealth
 49706 | Swamp:1  | Entered Level 1 of the Swamp
 49936 | Swamp:1  | Identified a +2 robe of resistance
 49936 | Swamp:1  | Noticed Josephine
 50227 | Swamp:1  | Killed Josephine
 50612 | Swamp:1  | Reached XP level 18. HP: 140/148 MP: 7/37
 51279 | Swamp:2  | Identified the +0 pair of gloves "Gudadghaf" {Drain rElec
                  | rPois rF+++}
 51279 | Swamp:2  | Noticed Nikola
 51286 | Swamp:2  | Killed Nikola
 51454 | Swamp:2  | Noticed Jorgrun
 51530 | Swamp:2  | Killed Jorgrun
 51876 | Orc:2    | Learned a level 7 spell: Storm Form
 51957 | Lair:2   | Identified the cursed +2 pair of boots of the Eye in the
                  | Sky {Self, Elem} (You found it on level 4 of the Dungeon)
 53716 | Swamp:4  | Entered Level 4 of the Swamp
 53892 | Swamp:4  | Noticed Aizul
 53898 | Swamp:4  | Killed Aizul
 54259 | Swamp:4  | Identified +0 steam dragon scales
 54279 | Swamp:4  | Identified +0 swamp dragon scales
 54297 | Swamp:4  | Identified +0 swamp dragon scales
 54741 | Swamp:4  | Identified +0 swamp dragon scales
 54888 | Swamp:4  | Identified +0 swamp dragon scales
 55026 | Swamp:4  | Identified +0 fire dragon scales
 55027 | Swamp:4  | Reached skill level 14 in Invocations
 55620 | Swamp:4  | Got a decaying rune of Zot
 55693 | Swamp:4  | Reached skill level 11 in Hexes
 55693 | Swamp:4  | Reached skill level 11 in Summonings
 55693 | Swamp:4  | Reached skill level 11 in Necromancy
 55693 | Swamp:4  | Reached skill level 11 in Translocations
 55693 | Swamp:4  | Reached skill level 11 in Transmutations
 55693 | Swamp:4  | Reached skill level 11 in Fire Magic
 55693 | Swamp:4  | Reached skill level 11 in Ice Magic
 55693 | Swamp:4  | Reached skill level 11 in Air Magic
 55693 | Swamp:4  | Reached skill level 11 in Earth Magic
 55693 | Swamp:4  | Reached skill level 11 in Poison Magic
 55998 | Vaults:1 | Entered Level 1 of the Vaults
 56004 | Vaults:1 | Reached skill level 13 in Conjurations
 56306 | Vaults:1 | Reached skill level 13 in Fighting
 56306 | Vaults:1 | Reached skill level 13 in Short Blades
 56306 | Vaults:1 | Reached skill level 13 in Long Blades
 56306 | Vaults:1 | Reached skill level 13 in Axes
 56306 | Vaults:1 | Reached skill level 13 in Maces & Flails
 56306 | Vaults:1 | Reached skill level 13 in Polearms
 56306 | Vaults:1 | Reached skill level 13 in Staves
 56306 | Vaults:1 | Reached skill level 13 in Ranged Weapons
 56306 | Vaults:1 | Reached skill level 13 in Throwing
 56306 | Vaults:1 | Reached skill level 13 in Armour
 56306 | Vaults:1 | Reached skill level 13 in Shields
 56306 | Vaults:1 | Reached skill level 13 in Unarmed Combat
 56306 | Vaults:1 | Reached skill level 13 in Evocations
 56675 | Vaults:1 | HP: 8/148 [yaktaur[a vault warden] (12)]
 56825 | Vaults:1 | Reached skill level 14 in Spellcasting
 56971 | Vaults:1 | HP: 12/148 [deep troll[an ironbound preserver] (17)]
 56976 | Vaults:1 | Shot with a bolt by a yaktaur captain

Vanquished Creatures
  Nikola (Swamp:2)
  Jorgrun (Swamp:2)
  Asterion (Spider:4)
  A thorn hunter (Swamp:2)
  A vault warden (Vaults:1)
  4 emperor scorpions
  Aizul (Swamp:4)
  An ironbound preserver (Vaults:1)
  A juggernaut zombie (D:15)
  A ghost moth (Spider:4)
  7 broodmothers
  A stone giant (Volcano)
  5 entropy weavers
  A spark wasp (Spider:2)
  A minotaur (Gauntlet)
  5 bunyips
  An ettin (Vaults:1)
  3 fire dragons (Swamp:4)
  Josephine (Swamp:1)
  Fannar (Orc:1)
  A shambling mangrove (Swamp:4)
  A jorogumo (Spider:3)
  An alligator snapping turtle (shapeshifter) (Lair:5)
  16 hydras
  8 vault guards (D:13)
  3 boulder beetles
  A spriggan air mage (Swamp:4)
  5 two-headed ogres
  A death knight (D:13)
  3 tengu warriors
  3 radroaches
  5 alligators
  The ghost of Turgor the Cleaver, a novice DsGl of Cheibriados (D:10)
  5 death yaks (Lair:4)
  A vampire mage (D:15)
  5 spriggans
  4 thrashing horrors (Lair:5)
  6 pharaoh ants
  4 sun moths
  4 goliath frogs
  A fire crab (shapeshifter) (D:15)
  A sixfirhy (D:10)
  5 deep trolls (Vaults:1)
  4 skeletal warriors (D:15)
  Lodul (D:14)
  9 steelbarb worms
  9 orb spiders
  2 spriggan druids
  8 swamp dragons
  A wizard (D:15)
  Pikel (D:6)
  4 bog bodies
  A harpy (shapeshifter) (D:14)
  4 lindwurms
  A necromancer (D:15)
  A phantasmal warrior (D:13)
  2 ironbound convokers (Vaults:1)
  20 wolf spiders
  9 orc knights
  3 deep elf pyromancers
  5 cyclopes
  8 ugly things
  An orc sorcerer (Orc:2)
  2 moths of wrath (Spider:4)
  A tengu skeleton (D:15)
  4 will-o-the-wisps
  A stone giant zombie (Vaults:1)
  2 oklob plants
  4 elephants (Lair:5)
  3 large abominations (Lair:5)
  3 torpor snails
  2 smoke demons (Lair:5)
  A vault sentinel (Vaults:1)
  7 black mambas
  A molten gargoyle (Volcano)
  5 cane toads
  3 gargoyles
  Psyche (D:12)
  A rime drake (Lair:5)
  An unseen horror (D:10)
  9 demonic crawlers
  3 efreet
  7 yaktaurs (Vaults:1)
  5 komodo dragons
  2 freezing wraiths (D:13)
  A guardian mummy (D:15)
  3 ancient zymes (Lair:5)
  8 trolls
  14 tyrant leeches
  6 meliai
  4 bloated husks
  9 hornets
  21 tarantellas
  5 dream sheep (Lair:5)
  The ghost of Tommers the Magician, an amateur DjFE of Xom (D:4)
  26 blink frogs
  23 jumping spiders
  Sigmund (D:3)
  A spriggan skeleton (D:15)
  2 vampires
  6 flying skulls (Gauntlet)
  7 wraiths
  3 ynoxinuls (Lair:5)
  13 culicivoras
  4 shadows
  6 basilisks
  39 yaks
  5 fire bats
  A neqoxec (Gauntlet)
  2 fire elementals (Volcano)
  33 redbacks
  2 chaos spawn
  2 steam dragons
  19 vampire mosquitoes
  13 swamp worms
  A glowing shapeshifter zombie (D:15)
  10 wargs
  An acid dragon (D:12)
  10 water moccasins
  Duvessa (D:7)
  13 swamp drakes
  2 ice beasts
  39 orc warriors
  3 boggarts (D:15)
  9 wolves
  12 ogres
  11 centaurs
  10 small abominations (Lair:5)
  4 lemures
  A kobold brigand (D:10)
  Blork the orc (D:6)
  9 bullfrogs
  A necrophage (D:7)
  An earth elemental (Volcano)
  4 scorpions
  15 wights
  Dowan (D:7)
  18 killer bees
  5 howler monkeys
  3 electric eels
  7 lava snakes
  A human zombie (Ossuary)
  11 orc priests
  A centaur zombie (Ossuary)
  4 gnoll boudas
  4 hounds
  5 jellies
  Crazy Yiuf (D:2)
  Jessica (D:2)
  3 iguanas
  Natasha (thrice) (D:3)
  14 orc wizards
  4 mummies (Ossuary)
  13 gnolls
  7 adders
  4 shadow imps
  3 white imps
  2 ufetubi
  A worm zombie (D:5)
  2 worms
  4 dart slugs
  78 orcs
  8 ball pythons
  5 endoplasms
  3 giant cockroaches
  2 goblins
  8 hobgoblins
  4 jackals
  13 kobolds
  4 quokkas
  2 bats
  3 frilled lizards
  A gnoll zombie (Ossuary)
  A goblin zombie (Ossuary)
  A hobgoblin zombie (Ossuary)
  2 kobold zombies (Ossuary)
  An orc zombie (Ossuary)
  6 rats
  4 bushes
992 creatures vanquished.

Vanquished Creatures (collateral kills)
  An ironbound preserver (Vaults:1)
  2 deep trolls (Vaults:1)
  A necromancer (Vaults:1)
4 creatures vanquished.

Vanquished Creatures (others)
  A vault warden (Vaults:1)
  A very ugly thing (Vaults:1)
  A deep troll (Vaults:1)
  A swamp dragon (Swamp:4)
  A bloated husk (Swamp:1)
  A fire bat (Swamp:4)
  3 steam dragons (Swamp:4)
  A swamp drake (Swamp:4)
  58 fulminant prisms
  19 fungi
  44 plants
  4 toadstools (D:4)
  6 withered plants (D:15)
141 creatures vanquished.

Grand Total: 1137 creatures vanquished
